 Dungeon Crawl Stone Soup version 0.31.0-9-g3a7656b989 (webtiles) character file.

Game seed: 7842738198376176971

889 CaptainMV the Cutter (level 7, -3/52 HPs)
             Began as a Demonspawn Wanderer on Feb 2, 2024.
             Slain by a sky beast (6 damage)
             ... on level 6 of the Dungeon.
             The game lasted 00:27:42 (2704 turns).

CaptainMV the Cutter (Demonspawn Wanderer)          Turns: 2704, Time: 00:27:43

Health: -3/52      AC:  6    Str: 10    XL:     7   Next: 77%
Magic:  8/12       EV: 13    Int: 15    God:
Gold:   209        SH:  4    Dex: 20    Spells: 8/13 levels left

rFire   . . .        a - +2 dagger (venom)
rCold   . . .        (no shield)
rNeg    . . .        c - +0 robe
rPois   .            (no helmet)
rElec   .            (no cloak)
rCorr   .            (no gloves)
SInv    .            (no boots)
Will    .....        (no amulet)
Stlth   ++           h - +6 ring of dexterity
HPRegen 0.28/turn    l - +4 ring of protection
MPRegen 0.13/turn

%: no passive effects
@: mighty, about to teleport, animating dead
A: demonic guardian 1, condensation shield, weakness stinger 1
a: no special abilities


You were on level 6 of the Dungeon.
You visited 1 branch of the dungeon, and saw 5 of its levels.
You also visited: Ossuary.

You collected 209 gold pieces.

Inventory:

Hand Weapons
 a - a +2 dagger of venom (weapon)
 b - a +0 orcbow
 f - a +0 dagger of protection
 o - a +0 long sword
Missiles
 g - 5 poisoned darts
 k - 4 boomerangs (quivered)
Armour
 c - a +0 robe (worn)
Jewellery
 h - a +6 ring of dexterity (left hand)
 l - a +4 ring of protection (right hand)
Scrolls
 d - 2 scrolls of fog
 r - 3 scrolls of noise
 s - a scroll of amnesia
 u - 3 scrolls of immolation
Potions
 e - 2 potions of berserk rage
 i - 2 potions of brilliance
 j - a potion of lignification
 m - a potion of cancellation
 p - 3 potions of attraction
 q - a potion of might
 t - a potion of curing
 v - a potion of heal wounds {unknown}


   Skills:
 + Level 3.5 Fighting
 + Level 4.5 Short Blades
 + Level 2.0 Throwing
 + Level 3.0 Dodging
 + Level 1.9 Stealth
 + Level 1.5 Shields
 + Level 3.9 Spellcasting
 + Level 1.0 Conjurations
 + Level 4.2 Necromancy


You had 8 spell levels left.
You knew the following spells:

 Your Spells              Type           Power      Damage    Failure   Level
a - Kiss of Death         Conj/Necr      40%        2d8       6%          1
b - Animate Dead          Necr           15%        N/A       30%         4

Your spell library contained the following spells:

 Spells                   Type           Power      Damage    Failure   Level
 Foxfire                  Conj/Fire      16%        2x1d4     14%         1
 Apportation              Tloc           4%         N/A       19%         1
 Jinxbite                 Hex            4%         N/A       28%         2
 Dazzling Flash           Conj/Hex       8%         N/A       41%         3
 Volatile Blastmotes      Fire/Tloc      4%         2d10      50%         3
 Anguish                  Hex/Necr       4%         N/A       58%         4
 Alistair's Intoxication  Alch           1%         N/A       99%         5
 Starburst                Conj/Fire      2%         6d3       100%        6
 Maxwell's Capacitive Co  Air            1%         ∞         100%        8


Dungeon Overview and Level Annotations

Branches:
Dungeon (4/15)            Ossuary (visited)
 Temple: D:4-7

Altars:
Uskayaw

Annotations:
D:6 Eustachio


Innate Abilities, Weirdness & Mutations

A weak demonic guardian rushes to your aid.
A meltable shield of frost defends you. (SH +4)
You have a small tail.


Message History

The river rat is heavily wounded.
The ufetubus slips past you! The ufetubus barely misses you.
The ufetubus hits you but does no damage.
Your iron imp barely misses the river rat.
Eustachio casts a spell.
The river rat barely misses you.
You hit the river rat.
You kill the river rat!
The river rat's corpse disappears in a puff of smoke!
The rat disappears in a puff of smoke!
The ufetubus closely misses you. The ufetubus barely misses you.
Eustachio mumbles some strange words.
Something hits you.
* * * LOW HITPOINT WARNING * * *
Something shocks you.
* * * LOW HITPOINT WARNING * * *
You feel better.
The ufetubus hits you but does no damage.
The ufetubus misses you. You block the ufetubus's attack.
The ufetubus misses you. Something hits you but does no damage.
You miss something. The ufetubus barely misses you. The ufetubus misses you.
The quokka bites your iron imp.
You hit something.
Your tail-slap misses something.
The ufetubus completely misses you. The ufetubus barely misses you.
Something hits you.
* * * LOW HITPOINT WARNING * * *
Something shocks you.
* * * LOW HITPOINT WARNING * * *
The rat barely misses your iron imp. The quokka misses your iron imp.
As you read the scroll of teleportation, it crumbles to dust.
You feel strangely unstable. You block the ufetubus's attack.
The ufetubus closely misses you. Something hits you but does no damage.
The ufetubus closely misses you. The ufetubus barely misses you.
The quokka bites your iron imp but does no damage.
You feel very mighty all of a sudden. The ufetubus closely misses you.
You block the ufetubus's attack. Something hits you.
* * * LOW HITPOINT WARNING * * *
Something shocks you.
You die...

.# .. #.##.# ......
#.@...f ..$...5 ###
.......
#.############.......
#....##5@{5.)........
####.rr5########...##
#.r@..# ##
.....r##..# .......#
#..# #.......# #...
####....# ##.. ####..
.## ##. .


You could see Eustachio, 2 ufetubi, 3 quokkas, a rat (summoned) and a friendly
iron imp (summoned).

Vanquished Creatures
  An ogre (D:4)
  A centaur (D:4)
  A kobold brigand (D:6)
  2 burial acolytes (Ossuary)
  A howler monkey (D:4)
  2 centaur zombies (Ossuary)
  A sleepcap (D:4)
  A human zombie (Ossuary)
  Crazy Yiuf (D:2)
  An orc wizard (D:6)
  2 mummies (Ossuary)
  6 hound zombies (Ossuary)
  5 gnolls (D:4)
  2 adders (D:2)
  A shadow imp (D:4)
  A dart slug (D:2)
  4 ribbon worms
  4 orcs
  5 bats
  7 endoplasms
  2 giant cockroaches
  3 hobgoblins
  9 jackals
  12 kobolds
  3 frilled lizards
  4 gnoll zombies (Ossuary)
  A goblin (D:2)
  An orc zombie (Ossuary)
  8 rats
92 creatures vanquished.

Vanquished Creatures (collateral kills)
  A weeping skull (Ossuary)
  An iguana (D:4)
  A dart slug (D:4)
  An endoplasm (D:4)
  A gnoll zombie (Ossuary)
  A kobold (D:6)
  An orc zombie (Ossuary)
7 creatures vanquished.

Vanquished Creatures (others)
  A centaur zombie (D:4)
  2 kobold zombies (D:6)
  An orc zombie (D:6)
4 creatures vanquished.

Grand Total: 103 creatures vanquished

Notes
Turn   | Place    | Note
-------+----------+-------------------------------------------
     0 | D:1      | CaptainMV the Demonspawn Wanderer began the quest for the
                  | Orb.
     0 | D:1      | CaptainMV set off with the following items: a +0 dagger, a
                  | potion of attraction, a +0 robe, a scroll of fog; and the
                  | following spells available to memorise: Kiss of Death,
                  | Foxfire, Dazzling Flash, Animate Dead, Anguish.
     0 | D:1      | Reached XP level 1. HP: 16/16 MP: 4/4
   137 | D:1      | Gained mutation: You have a small tail. [demonic ancestry]
   137 | D:1      | Reached XP level 2. HP: 15/22 MP: 6/6
   217 | D:1      | Learned a level 1 spell: Kiss of Death
   620 | D:2      | Reached XP level 3. HP: 16/25 MP: 8/8
   754 | D:2      | Reached skill level 1 in Short Blades
   868 | D:2      | Found a runed translucent door.
   869 | D:2      | Noticed Crazy Yiuf
   879 | D:2      | Killed Crazy Yiuf
   880 | D:2      | Reached skill level 1 in Dodging
   880 | D:2      | Gained mutation: A weak demonic guardian rushes to your
                  | aid. [demonic ancestry]
   880 | D:2      | Reached XP level 4. HP: 18/33 MP: 4/9
  1390 | D:3      | Noticed a +0 hand axe
  1392 | D:3      | Found a hide-covered altar of Uskayaw.
  1392 | D:3      | Noticed a +0 dagger
  1662 | D:4      | Noticed an ogre
  1669 | D:4      | Killed an ogre
  1670 | D:4      | Reached skill level 1 in Stealth
  1670 | D:4      | Reached XP level 5. HP: 17/39 MP: 10/10
  1714 | D:4      | Found a sand-covered staircase.
  1728 | D:4      | Gained mutation: A meltable shield of frost defends you.
                  | (SH +4) [demonic ancestry]
  1728 | D:4      | Reached XP level 6. HP: 15/46 MP: 11/11
  1874 | Ossuary  | Entered an ossuary
  1893 | Ossuary  | Learned a level 4 spell: Animate Dead
  2030 | Ossuary  | Reached XP level 7. HP: 34/52 MP: 9/12
  2094 | Ossuary  | Reached skill level 1 in Shields
  2612 | D:4      | You fall into a shaft and drop 2 floors!
  2626 | D:6      | Noticed Eustachio
  2699 | D:6      | HP: 2/52 [something (6)]
  2704 | D:6      | Slain by a sky beast

Illustrated notes

Levels and vault maps discovered:
D:1:      saegor_arrival_simple_b, layout_basic, nrook_mini_vaults
D:2:      layout_loops_ring, st_stairs_12, columned_hall_lemuel,
          uniq_crazy_yiuf_cottage
D:3:      layout_rooms, dancing_weapons_uskayaw
D:4:      minmay_recursive_quarters, layout_gridville,
          minmay_temple_entry_nine_rooms, nicolae_ossuary_entry_ruins
D:6:      layout_rooms, nicolae_qazlal_scattered_showers, uniq_jeremiah,
          uniq_eustachio

Skill      XL: |  1  2  3  4  5  6  7 |
---------------+----------------------+-----
Short Blades   | 1 2 3 4 |  4.5
Dodging        | 1 2 3 |  3.0
Stealth        | 1 |  1.9
Fighting       | 3 |  3.5
Necromancy     | 4 |  4.2
Throwing       | 2 |  2.0
Shields        | 1 |  1.5
Spellcasting   | |  3.9
Conjurations   | |  1.0

Action                     |  1- 3 |  4- 6 |  7- 9 || total
---------------------------+-------+-------+-------++-------
  Melee: Dagger            |   176 |   130 |   134 ||   440
         Tailslap          |    20 |    32 |    20 ||    72
         Punch             |     3 |     1 |     4 ||     8
   Fire: Orcbow            |       |       |     3 ||     3
  Throw: Boomerang         |       |    16 |     1 ||    17
   Cast: Kiss of Death     |     2 |     1 |       ||     3
         Animate Dead      |       |     2 |     4 ||     6
    Use: Scroll            |     6 |     4 |     7 ||    17
         Potion            |       |     2 |     2 ||     4
   Stab: Sleeping          |     1 |       |     2 ||     3
         Distracted        |       |     1 |       ||     1
 Armour: Robe              |    78 |    70 |    89 ||   237
  Dodge: Dodged            |    77 |    78 |   112 ||   267
  Block: Other             |       |    16 |    23 ||    39
